 Dungeon Crawl Stone Soup version 0.29.1-15-g9cfb28693d (webtiles) character file.

Game seed: 7086926454758342433

84 sampeng1 the Insei (level 4, 0/33 HPs)
             Began as a Human Transmuter on May 10, 2023.
             Slain by a gnoll
             ... wielding a +0 club
              (6 damage)
             ... on level 3 of the Dungeon.
             The game lasted 00:09:33 (2866 turns).

sampeng1 the Insei (Human Transmuter)               Turns: 2866, Time: 00:09:34

Health: 0/33       AC:  4    Str: 13    XL:     4   Next: 74%
Magic:  5/7        EV: 12    Int: 13    God:
Gold:   130        SH:  0    Dex: 13    Spells: 4/8 levels left

rFire   . . .      SeeInvis .     - Unarmed
rCold   . . .      Faith    .   (no shield)
rNeg    . . .      Spirit   .   a - +2 robe
rPois   .          Reflect  .   (helmet currently unavailable)
rElec   .          Harm     .   (no cloak)
rCorr   .          Rampage  .   (no gloves)
Will    +....                   (boots currently unavailable)
Stlth   +.........              (no amulet)
HPRegen 0.11/turn               g - ring of willpower
MPRegen 0.10/turn               j - ring of wizardry

@: appendages (expiring), wereblooded
A: horns 2, talons 2
a: End Transformation


You were on level 3 of the Dungeon.
You had temporarily grown beastly horns and talons.
You visited 1 branch of the dungeon, and saw 3 of its levels.

You collected 130 gold pieces.

Inventory:

Hand Weapons
 h - a +0 sling
Missiles
 c - 20 stones
 i - 2 throwing nets (quivered)
Armour
 a - a +2 robe (worn)
Jewellery
 g - a ring of willpower (left hand)
 j - a ring of wizardry (right hand)
Scrolls
 d - a scroll of butterflies
 l - a scroll of vulnerability {unknown}
Potions
 b - a potion of lignification
 e - a potion of flight
 f - a potion of brilliance
 k - a potion of attraction {unknown}


   Skills:
 + Level 1.9 Fighting
 + Level 2.6 Dodging
 + Level 3.4 Unarmed Combat
 + Level 2.6 Spellcasting
 + Level 2.6 Transmutations


You had 4 spell levels left.
You knew the following spells:

 Your Spells              Type           Power      Damage    Failure   Level
a - Beastly Appendage     Tmut           16%        N/A       3%          1
b - Wereblood             Tmut           8%         N/A       4%          2
c - Summon Small Mammal   Summ           4%         N/A       10%         1

Your spell library contained the following spells:

 Spells                   Type           Power      Damage    Failure   Level
 Spider Form              Tmut/Pois      5%         N/A       16%         3
 Call Canine Familiar     Summ           1%         N/A       28%         3
 Summon Guardian Golem    Hex/Summ       1%         N/A       28%         3
 Ice Form                 Ice/Tmut       5%         N/A       45%         4


Dungeon Overview and Level Annotations

Branches:
Dungeon (3/15)

Altars:


Innate Abilities, Weirdness & Mutations

You have temporarily grown beastly horns and talons.


Message History

You see here a +0 leather armour.
l - a +0 leather armour You drop a +0 leather armour.
You open the door.
There is an open door here.
l - a scroll labelled RUWKOI GUD VUP An endoplasm comes into view.
A gnoll comes into view. It is wielding a +0 club.
The gnoll shouts!
The endoplasm quivers.
A gnoll comes into view.
It is wielding a +1 halberd of protection.
Found a stone staircase leading up.
The gnoll shouts!
A gnoll comes into view. It is wielding a +0 flail.
Casting: Beastly Appendage (safe; 3% risk of failure)
Confirm with . or Enter, or press ? or * to list all spells.
You grow a pair of large bovine horns.
Your feet morph into talons.
A rat comes into view.
The endoplasm hits you but does no damage.
The gnoll misses you.
You hit the endoplasm but do no damage. You claw the endoplasm.
The endoplasm is heavily wounded.
The endoplasm closely misses you. The gnoll closely misses you.
You hit the endoplasm.
You kill the endoplasm!
The gnoll hits you from afar with a +1 halberd of protection!
The gnoll barely misses you. x2
You closely miss the gnoll.
The gnoll hits you with a +1 halberd of protection.
The gnoll hits you but does no damage.
The gnoll hits you from afar with a +1 halberd of protection!
Your transformation is almost over.
You barely miss the gnoll. Your kick misses the gnoll.
Your headbutt misses the gnoll. The gnoll hits you with a +0 club.
* * * LOW HITPOINT WARNING * * *
Casting: Beastly Appendage (safe; 3% risk of failure)
Confirm with . or Enter, or press ? or * to list all spells.
Your blood is infused with primal strength.
The gnoll closely misses you. The gnoll hits you with a +0 club.
You die...

####### ###.....# ..#.....#
..#.)...###################
..'.....'.......@ggg......<
..#.....############r.....#
..#......# ....#.#
..###.[..# .##...# ..#
#....# .+ ### ### #....# .#
###### .. ### .. ...


You could see 3 gnolls and a rat.

Vanquished Creatures
  2 adders
  A worm (D:2)
  3 dart slugs
  2 orcs (D:3)
  5 bats
  7 endoplasms
  4 giant cockroaches
  5 goblins
  7 hobgoblins
  A kobold (D:2)
  A quokka (D:1)
  5 ball pythons
  3 frilled lizards
  5 rats
51 creatures vanquished.

Notes
Turn   | Place    | Note
-------+----------+-------------------------------------------
     0 | D:1      | sampeng1 the Human Transmuter began the quest for the Orb.
     0 | D:1      | Reached XP level 1. HP: 15/15 MP: 3/3
   319 | D:1      | Reached XP level 2. HP: 17/21 MP: 5/5
   909 | D:1      | Reached XP level 3. HP: 26/26 MP: 4/6
  2006 | D:2      | Reached XP level 4. HP: 27/33 MP: 7/7
  2784 | D:3      | Learned a level 2 spell: Wereblood
  2786 | D:3      | Learned a level 1 spell: Summon Small Mammal
  2866 | D:3      | Slain by a gnoll

Illustrated notes

Levels and vault maps discovered:
D:1:      dpeg_arrival_rooms_b, layout_rooms
D:2:      layout_basic, minmay_surrounded, uniq_natasha
D:3:      minmay_recursive_quarters, layout_basic, lemuel_tele_altar,
          chequers_ecumenical_altar_simple, kennysheep_generic_room_14

Action                   |  1- 3 |  4- 6 || total
-------------------------+-------+-------++-------
Melee: Unarmed           |   126 |    58 ||   184
       Kick              |    14 |    11 ||    25
       Headbutt          |     3 |     6 ||     9
       Punch             |     4 |     2 ||     6
 Cast: Beastly Appendage |    11 |     6 ||    17
       Wereblood         |       |     1 ||     1
  Use: Scroll            |     8 |     1 ||     9
       Potion            |     1 |       ||     1
 Stab: Sleeping          |     2 |     1 ||     3
Armor: Robe              |    34 |    17 ||    51
Dodge: Dodged            |    83 |    39 ||   122
